 Dungeon Crawl Stone Soup version 0.32-a0-986-ga09f62fbf4 (webtiles) character file.

Game seed: 17907434622428903167

91 protoss039 the Digger (level 4, -3/33 HPs)
             Began as a Demonspawn Earth Elementalist on Apr 21, 2024.
             Slain by a gnoll
             ... wielding a +0 spear
              (7 damage)
             ... on level 3 of the Dungeon.
             The game lasted 00:04:29 (2040 turns).

protoss039 the Digger (DsEE)                        Turns: 2040, Time: 00:04:30

Health: -3/33      AC:  4    Str:  9    XL:     4   Next: 33%
Magic:  5/8        EV: 10    Int: 17    God:
Gold:   141        SH:  0    Dex: 13    Spells: 4/8 levels left

rFire   . . .        d - +0 dagger
rCold   . . .        (no shield)
rNeg    . . .        h - +0 leather armour
rPois   .            (helmet restricted)
rElec   .            (no cloak)
rCorr   .            (no gloves)
SInv    .            i - +0 pair of boots
Will    .....        (no amulet)
Stlth   ++           (no ring)
HPRegen 0.25/turn    (no ring)
MPRegen 0.22/turn

%: no passive effects
@: brilliant
A: antennae 2, magic regeneration
a: no special abilities


You were on level 3 of the Dungeon.
You visited 1 branch of the dungeon, and saw 3 of its levels.

You collected 141 gold pieces.

Inventory:

Hand Weapons
 d - a +0 dagger (weapon)
Armour
 h - a +0 leather armour (worn)
 i - a +0 pair of boots (worn)
Wands
 l - a wand of digging (2)
Scrolls
 e - a scroll of identify
 f - a scroll of teleportation {unknown}
 g - a scroll of fear {unknown}
 j - a scroll of amnesia {unknown}
 k - a scroll of noise {unknown}
Potions
 b - a potion of magic
 m - a potion of heal wounds {unknown}


   Skills:
 + Level 2.2 Fighting
 - Level 1.7 Dodging
 - Level 1.7 Stealth
 + Level 2.9 Spellcasting
 - Level 1.0 Conjurations
 + Level 3.4 Earth Magic


You had 4 spell levels left.
You knew the following spells:

 Your Spells              Type           Power      Damage    Failure   Level
a - Sandblast             Erth           42%        2d11      6%          1
b - Passwall              Erth           21%        N/A       19%         3

Your spell library contained the following spells:

 Spells                   Type           Power      Damage    Failure   Level
 Stone Arrow              Conj/Erth      30%        3d8       30%         3
 Call Imp                 Summ           6%         N/A       36%         2
 Sublimation of Blood     Necr           3%         N/A       36%         2
 Brom's Barrelling Bould  Conj/Erth      15%        2d4       69%         4
 Petrify                  Alch/Erth      12%        N/A       77%         4
 Summon Hydra             Summ           1%         N/A       100%        7


Dungeon Overview and Level Annotations

Branches:
Dungeon (3/15) Zot: 15919

Altars:


Innate Abilities, Weirdness & Mutations

You have a pair of antennae on your head.
You regenerate magic rapidly.


Message History

The gnoll hits you from afar with a +0 spear. x2
Unknown command.
Casting: Sandblast (safe; 6% risk of failure)
Confirm with . or Enter, or press ? or * to list all spells.
Aiming: Sandblast (safe; 6% risk of failure)
Press: ? - help, Shift-Dir - straight line, f/p - gnoll
Aim: a gnoll, wielding a +0 spear and wearing a +0 robe (moderately wounded, 84% to hit)
The blast of sand hits the gnoll but does no damage.
The gnoll is moderately wounded.
The gnoll barely misses you.
Unknown command.
Casting: Sandblast (safe; 6% risk of failure)
Confirm with . or Enter, or press ? or * to list all spells.
Aiming: Sandblast (safe; 6% risk of failure)
Press: ? - help, Shift-Dir - straight line, f/p - gnoll
Aim: a gnoll, wielding a +0 spear and wearing a +0 robe (moderately wounded, 84% to hit)
The blast of sand hits the gnoll.
The gnoll is moderately wounded.
The gnoll hits you from afar with a +0 spear.
* * * LOW HITPOINT WARNING * * *
The gnoll barely misses you.
Unknown command.
Okay, then.
As you read the scroll labelled MOUNACLYJIPT, it crumbles to dust.
It is a scroll of identify.
c - a potion of brilliance The gnoll barely misses you.
Okay, then.
You feel clever all of a sudden.
The gnoll hits you from afar with a +0 spear!
* * * LOW HITPOINT WARNING * * *
Casting: Sandblast (safe; 6% risk of failure)
Confirm with . or Enter, or press ? or * to list all spells.
Aiming: Sandblast (safe; 6% risk of failure)
Press: ? - help, Shift-Dir - straight line, f/p - gnoll
Aim: a gnoll, wielding a +0 spear and wearing a +0 robe (moderately wounded, 85% to hit)
You feel a surge of power!
The blast of sand hits the gnoll.
The gnoll is severely wounded.
The gnoll hits you from afar with a +0 spear!
You die...

... #.##.#
#.#########.##.#
#......{ggg.#..#
#..##########.##
#......<#.#
#.#######.# #.#
#.# #.# #g# #@#
#.# #.#######.#
#.g{g.....#
###########


You could see a gnoll.

Vanquished Creatures
  A gnoll (D:3)
  3 adders (D:2)
  A dart slug (D:1)
  3 ribbon worms (D:2)
  3 endoplasms (D:2)
  3 giant cockroaches
  4 goblins
  3 hobgoblins
  5 quokkas
  7 ball pythons
  5 bats
  2 frilled lizards
  A kobold (D:1)
  5 rats
46 creatures vanquished.

Notes
Turn   | Place    | Note
-------+----------+-------------------------------------------
     0 | D:1      | protoss039 the Demonspawn Earth Elementalist began the
                  | quest for the Orb.
     0 | D:1      | Reached XP level 1. HP: 13/13 MP: 3/3
   202 | D:1      | Gained mutation: You have a pair of small antennae on your
                  | head. [demonic ancestry]
   202 | D:1      | Reached XP level 2. HP: 15/20 MP: 3/5
   320 | D:1      | Reached skill level 1 in Fighting
   585 | D:1      | Reached skill level 3 in Earth Magic
   658 | D:1      | Found a faded altar of an unknown god.
  1188 | D:2      | Gained mutation: You regenerate magic rapidly. [demonic
                  | ancestry]
  1188 | D:2      | Reached XP level 3. HP: 26/26 MP: 3/6
  1411 | D:2      | Gained mutation: You have a pair of antennae on your head.
                  | [demonic ancestry]
  1411 | D:2      | Reached XP level 4. HP: 14/33 MP: 5/8
  1788 | D:2      | Learned a level 3 spell: Passwall
  2040 | D:3      | Slain by a gnoll

Illustrated notes

Levels and vault maps discovered:
D:1:      lemuel_arrival_room, layout_basic,
          shapermc_ecumenical_altar_notcrosses
D:2:      layout_rooms, minmay_hexomino_u4
D:3:      layout_basic, nzn_overflow_gifts_of_might_and_magic, okawaru_trees_2,
          chequers_jeans, uniq_sigmund

Skill      XL: |  1  2  3 |
---------------+----------+-----
Fighting       | 1 2 |  2.2
Earth Magic    | 3 |  3.4
Dodging        | |  1.7
Stealth        | |  1.7
Spellcasting   | |  2.9
Conjurations   | |  1.0

Action                     |  1- 3 |  4- 6 || total
---------------------------+-------+-------++-------
  Melee: Dagger            |    19 |     2 ||    21
   Cast: Sandblast         |    53 |    28 ||    81
         Passwall          |       |     1 ||     1
    Use: Potion            |       |     2 ||     2
         Scroll            |       |     1 ||     1
   Stab: Sleeping          |     2 |       ||     2
 Armour: Robe              |    10 |       ||    10
         Leather armour    |    24 |    39 ||    63
  Dodge: Dodged            |    24 |    24 ||    48

Table legend: (Time is in decaauts)
 A = Elapsed time spent in this place.
 B = Non-inter-level travel time spent in this place.
 C = Inter-level travel time spent in this place.
 D = Time resting spent in this place.
 E = Time spent auto-exploring this place.
 F = Levels seen in this place.
 G = Mean time per level.
                   A        B        C        D        E       F      G
               +--------+--------+--------+--------+--------+-----+--------+
         Total |   2079 |   1939 |    140 |    190 |   1307 |   3 |  693.0 |
       Dungeon |   2079 |   1939 |    140 |    190 |   1307 |   3 |  693.0 |
               +--------+--------+--------+--------+--------+-----+--------+

Top non-repeatable levels by time:
     D:1: 1128 daAuts
     D:2: 693 daAuts
     D:3: 257 daAuts
